 Dungeon Crawl Stone Soup version 0.29.1-12-g30fa7ad0bf (webtiles) character file.

Game seed: 14206055800040484280

365 sanboga the Ruffian (level 6, -3/73 HPs)
             Began as a Demonspawn Berserker on Dec 13, 2022.
             Was a Believer of Trog.
             Slain by 0gre's ghost (5 damage)
             ... on level 4 of the Dungeon.
             The game lasted 00:03:56 (5358 turns).

sanboga the Ruffian (Demonspawn Berserker)          Turns: 5358, Time: 00:03:56

Health: -3/73      AC: 18    Str: 19    XL:     6   Next: 40%
Magic:  6/6        EV:  6    Int:  9    God:    Trog [**....]
Gold:   194        SH:  0    Dex: 12    Spells: 5/5 levels left

rFire   . . .      SeeInvis .     - Unarmed
rCold   . . .      Faith    .   (no shield)
rNeg    . . .      Spirit   .   n - +0 plate armour
rPois   .          Reflect  .   f - +0 helmet
rElec   .          Harm     .   (no cloak)
rCorr   .          Rampage  .   (no gloves)
Will    .....                   (no boots)
Stlth   ..........              (no amulet)
HPRegen 0.22/turn               (no ring)
MPRegen 0.10/turn               (no ring)

@: berserking (expiring), sanguine armoured, very quick
A: foul stench 1, sanguine armour 1
a: Renounce Religion, Berserk, Trog's Hand


You were on level 4 of the Dungeon.
You worshipped Trog.
Trog was pleased with you.
You visited 1 branch of the dungeon, and saw 4 of its levels.

You collected 194 gold pieces.

Inventory:

Armour
 f - a +0 helmet (worn)
 n - a +0 plate armour (worn)
Scrolls
 a - a scroll of blinking {unknown}
 c - 2 scrolls of vulnerability {unknown}
 e - 9 scrolls of identify {unknown}
 g - a scroll of noise {unknown}
 h - 2 scrolls of amnesia {unknown}
 j - a scroll of immolation {unknown}
 k - a scroll of fear {unknown}
 p - a scroll of poison {unknown}
 s - 2 scrolls of brand weapon {unknown}
Potions
 b - a potion of heal wounds {unknown}
 d - 2 potions of might {unknown}
 i - 3 potions of curing {unknown}
 l - a potion of invisibility {unknown}
 m - 2 potions of lignification {unknown}
 o - a potion of degeneration {unknown}
 q - a potion of cancellation {unknown}
 r - a potion of brilliance {unknown}


   Skills:
 + Level 4.4 Fighting
 + Level 3.4 Armour
 - Level 1.7 Dodging
 * Level 5.1 Unarmed Combat


You had 5 spell levels left.
You didn't know any spells.
Your spell library was empty.

Dungeon Overview and Level Annotations

Branches:
Dungeon (4/15)
 Temple: D:4-7

Altars:
Cheibriados
Dithmenos

Annotations:
D:4 0gre's ghost, novice GnIE


Innate Abilities, Weirdness & Mutations

You may rarely emit foul miasma when damaged in melee.
When seriously injured, your blood forms armour. (AC +6)


Message History

You closely miss 0gre's ghost. You hit 0gre's ghost but do no damage.
The gnoll sergeant hits you from afar with a +2 spear of pain.
You writhe in agony. 0gre's ghost barely misses you.
You closely miss 0gre's ghost.
The gnoll sergeant hits you but does no damage. 0gre's ghost barely misses you.
You closely miss 0gre's ghost.
You hit 0gre's ghost. 0gre's ghost is lightly damaged.
The gnoll sergeant barely misses you. 0gre's ghost barely misses you.
You miss 0gre's ghost. 0gre's ghost is lightly damaged.
The gnoll shouts!
You barely miss 0gre's ghost. 0gre's ghost is lightly damaged.
The gnoll sergeant hits you from afar with a +2 spear of pain.
You writhe in agony. 0gre's ghost barely misses you.
There is a transporter, spattered with blood here.
Things that are here:
a +0 spear; a wand of flame (19)
You enter the transporter and appear at another place.
You feel a strong urge to attack something.
You punch 0gre's ghost! 0gre's ghost is moderately damaged. 0gre's ghost freezes you.
You are frozen!
* * * LOW HITPOINT WARNING * * *
You barely miss 0gre's ghost. 0gre's ghost is moderately damaged. 0gre's ghost screams, "Don't try to defend!
You have no chance!" 0gre's ghost freezes you.
You are frozen!
* * * LOW HITPOINT WARNING * * *
You hit 0gre's ghost but do no damage. 0gre's ghost is moderately damaged.
You closely miss 0gre's ghost. 0gre's ghost is moderately damaged. 0gre's ghost hits you.
You die...

.........'....>..................
........)###.....#.###.....>.....
#.......## #.#.#.#.# #####.......
##.....#####..##...#######..#..##
##.........................)))#
#.≈≈≈≈≈≈≈≈≈≈≈≈~≈≈≈≈≈≈≈≈≈≈≈≈.)#
#.≈≈≈≈≈≈≈≈≈≈≈≈~≈≈≈≈≈≈≈≈≈≈≈≈.##
###.≈≈#####......W....#####≈≈.##
#...≈≈#.8.#.###.@.###.#.8W#≈≈..##
....≈≈#...###©#####.###.gg#≈≈....
#...≈≈###......ggg......###≈≈.###
##..≈≈.8#.######g######.#8.≈≈.# #
##.)≈≈.##.#.⌠.#.g8# #.##.≈≈.# #
....~~.#..'.....©⌠# 'Wg#.~~.# #
###.≈≈.##.#.⌠.#.g8# $#.##.≈≈.# #
...(≈≈.8#.######'######.#8.≈≈.# #
###.≈≈###.....g...g.....###≈≈.###


You could see a gnoll sergeant, 0gre's ghost and 5 gnolls.

Vanquished Creatures
  A hound (D:4)
  An orc priest (D:4)
  Terence (D:3)
  An orc wizard (D:3)
  Robin (D:3)
  9 gnolls
  6 adders
  3 worms
  A dart slug (D:3)
  8 orcs
  4 ball pythons
  9 endoplasms
  4 giant cockroaches
  16 goblins
  6 hobgoblins
  3 quokkas
  5 bats
  2 frilled lizards
  4 kobolds
  5 rats
90 creatures vanquished.

Vanquished Creatures (others)
  6 plants (D:4)
6 creatures vanquished.

Grand Total: 96 creatures vanquished

Notes
Turn   | Place    | Note
-------+----------+-------------------------------------------
     0 | D:1      | sanboga the Demonspawn Berserker began the quest for the
                  | Orb.
     0 | D:1      | Reached XP level 1. HP: 18/18 MP: 1/1
   223 | D:1      | Reached skill level 3 in Unarmed Combat
   223 | D:1      | Gained mutation: When seriously injured, your blood forms
                  | armour. (AC +6) [demonic ancestry]
   223 | D:1      | Reached XP level 2. HP: 24/24 MP: 2/2
   488 | D:1      | Found a faded altar of an unknown god.
   889 | D:2      | Reached XP level 3. HP: 22/29 MP: 3/3
  1621 | D:2      | Found a snail-covered altar of Cheibriados.
  2222 | D:3      | Reached XP level 4. HP: 35/35 MP: 4/4
  2725 | D:3      | Reached skill level 4 in Unarmed Combat
  2947 | D:3      | Noticed Robin
  2960 | D:3      | Killed Robin
  2961 | D:3      | Gained mutation: You may rarely emit foul miasma when
                  | damaged in melee. [demonic ancestry]
  2961 | D:3      | Reached XP level 5. HP: 30/42 MP: 5/5
  3594 | D:3      | Reached ** piety under Trog
  3692 | D:3      | Noticed Terence
  3718 | D:3      | Killed Terence
  4096 | D:4      | Found a transporter.
  4352 | D:4      | Reached XP level 6. HP: 48/48 MP: 6/6
  4412 | D:4      | Identified the +1 buckler of the Dolphin {+Blink rF+ rC-
                  | Will+}
  4415 | D:4      | Noticed 0gre's ghost (novice GnIE)
  4732 | D:4      | Found a transporter.
  4755 | D:4      | Reached skill level 5 in Unarmed Combat
  5049 | D:4      | Found a shadowy altar of Dithmenos.
  5356 | D:4      | HP: 2/73 [frozen (17)]
  5358 | D:4      | Slain by 0gre's ghost

Illustrated notes

Levels and vault maps discovered:
D:1:      matt_arrival_los_fun, layout_basic, chequers_ecumenical_altar_simple,
          serial_rivers, chequers_serial_rivers_large_a,
          chequers_serial_rivers_micro_b, chequers_serial_rivers_room_a,
          chequers_serial_rivers_room_a, chequers_serial_rivers_micro_c,
          chequers_serial_rivers_micro_a, serial_bayou_pond_a
D:2:      layout_loops_ring, basic_altar, kennysheep_nondescript
D:3:      layout_basic, chequers_mini_garden, uniq_terence, uniq_robin
D:4:      layout_loops_corners, general_overflow_altar,
          gammafunk_ghost_gnarly_gnolls

Skill      XL: |  1  2  3  4  5  6 |
---------------+-------------------+-----
Armour         | 2 3 |  3.4
Unarmed Combat | 3 4 5 |  5.1
Fighting       | 4 |  4.4
Dodging        | |  1.7

Action                   |  1- 3 |  4- 6 || total
-------------------------+-------+-------++-------
Melee: Unarmed           |   109 |   214 ||   323
       Punch             |       |     6 ||     6
Invok: Berserk           |     1 |     6 ||     7
 Stab: Sleeping          |     1 |       ||     1
Armor: Animal skin       |    25 |    35 ||    60
       Plate armour      |       |    90 ||    90
Dodge: Dodged            |    52 |   106 ||   158
